 Dungeon Crawl Stone Soup version 0.31-a0-187-gba352fbbf7 (webtiles) character file.

Game seed: 5587568345073958751

387 qw the Skirmisher (level 6, 0/36 HPs)
             Began as a Deep Elf Hunter on June 22, 2023.
             Slain by an orc wizard
             ... wielding a +1 dagger of electrocution
              (5 damage)
             ... on level 4 of the Dungeon.
             The game lasted 00:01:01 (2292 turns).

qw the Skirmisher (Deep Elf Hunter)                 Turns: 2292, Time: 00:01:01

Health: 0/36       AC:  6    Str: 10    XL:     6   Next: 49%
Magic:  8/8        EV: 11    Int: 14    God:
Gold:   133        SH:  0    Dex: 18    Spells: 5/5 levels left

rFire   + . .        Y - +2 shortbow
rCold   . . .        (shield currently unavailable)
rNeg    . . .        h - +0 ring mail
rPois   .            (no helmet)
rElec   .            e - +0 cloak
rCorr   .            (no gloves)
SInv    .            (no boots)
Will    .....        (no amulet)
Stlth   +            f - ring of protection from fire
HPRegen 0.26/turn    (no ring)
MPRegen 0.11/turn

%: no passive effects
@: no status effects
A: no striking features
a: no special abilities


You were on level 4 of the Dungeon.
You visited 1 branch of the dungeon, and saw 4 of its levels.

You collected 133 gold pieces.


   Skills:
 - Level 2.4 Fighting
 + Level 9.8 Ranged Weapons
 - Level 2.4 Dodging
 - Level 1.2 Stealth


You had 5 spell levels left.
You didn't know any spells.
Your spell library was empty.

Inventory:

Hand Weapons
 Y - a +2 shortbow (weapon)
Armour
 e - a +0 cloak (worn)
 h - a +0 ring mail (worn)
Jewellery
 f - a ring of protection from fire (left hand)
Potions
 a - a potion of degeneration {unknown}
 d - a potion of might {unknown}

Dungeon Overview and Level Annotations

Branches:
Dungeon (4/15)
 Temple: D:4-7

Altars:
Elyvilon
Fedhas

Shops:
D:2 (


Message History

You shoot an arrow.
The arrow hits the orc but does no damage.
The orc is severely wounded.
The orc barely misses you. The orc hits you with a +0 short sword.
You shoot an arrow. The arrow barely misses the orc.
You shoot an arrow.
The arrow hits the orc but does no damage.
The orc is severely wounded.
The orc closely misses you.
You shoot an arrow. The arrow closely misses the orc.
The orc hits you with a +0 short sword. The orc hits you but does no damage.
The orc barely misses you. The orc hits you but does no damage.
You shoot an arrow.
The arrow hits the orc but does no damage.
The orc is severely wounded.
The orc hits you with a +0 club.
You shoot an arrow.
The arrow hits the orc but does no damage.
The orc is severely wounded.
The orc misses you. The orc hits you but does no damage.
You shoot an arrow. The arrow closely misses the orc.
The orc completely misses you.
The orc wizard mumbles some strange words.
The orc wizard flickers and vanishes!
Deactivating autopickup; reactivate with Ctrl-A.
You shoot an arrow.
The arrow hits the orc but does no damage.
The orc is severely wounded.
The orc hits you with a +0 club.
You shoot an arrow. The arrow hits the orc!
You kill the orc!
You shoot an arrow. The arrow barely misses the hobgoblin.
The hobgoblin closely misses you. Something hits you.
You are electrocuted!!
Ouch! That really hurt!
You shoot an arrow. The arrow hits the hobgoblin!
You kill the hobgoblin!
You shoot an arrow. The arrow hits the orc priest.
The orc priest is moderately wounded.
Something hits you.
You die...

### . #.## ####
#. ##.## #..#
#. ##.# ###
##.# #..
##.####.# #.##
#.. ###...##..#
#..#
#..##@...#...##
#..##
#.oo).####..##
#.... ##..###
#...####....
#.##
#.....##.... #.
##.......... #.
#.......... #.
#...##...... #g
###.#....... #o
###..###..


You could see an orc priest and an orc.

Vanquished Creatures
  A scorpion (D:4)
  A howler monkey (D:4)
  2 hounds (D:4)
  2 orc priests
  A sleepcap (D:4)
  6 adders
  2 worms
  4 dart slugs
  7 orcs
  8 ball pythons
  5 endoplasms
  6 giant cockroaches
  4 goblins
  5 hobgoblins
  3 jackals (D:1)
  6 kobolds
  2 quokkas
  3 bats
  2 frilled lizards
  6 rats
76 creatures vanquished.

Notes
Turn   | Place    | Note
-------+----------+-------------------------------------------
     0 | D:1      | qw the Deep Elf Hunter began the quest for the Orb.
     0 | D:1      | Reached XP level 1. HP: 12/12 MP: 3/3
     0 | D:1      | 0 ||| qw: Version: 0.3-a-9-g12657ce
     0 | D:1      | 0 ||| qw: Game counter: 2203
     0 | D:1      | 0 ||| qw: Always use a shield: true
     0 | D:1      | 0 ||| qw: God list: Okawaru
     0 | D:1      | 0 ||| qw: Allow faded altars: false
     0 | D:1      | 0 ||| qw: Do Orc after D:15 true
     0 | D:1      | 0 ||| qw: Do second Lair branch before Depths: true
     0 | D:1      | 0 ||| qw: Lair rune preference: random
     0 | D:1      | 0 ||| qw: Plans: Normal
     0 | D:1      | 0 ||| PLANNING D:1-11
   124 | D:1      | Reached XP level 2. HP: 16/16 MP: 4/4
   134 | D:1      | Reached skill level 6 in Ranged Weapons
   518 | D:1      | 518 ||| READING scroll labelled POLOSE PES ARI.
   519 | D:1      | 519 ||| DROPPING scroll of butterflies.
   535 | D:2      | Found a white marble altar of Elyvilon.
   558 | D:2      | Reached XP level 3. HP: 20/20 MP: 5/5
   627 | D:2      | Reached skill level 7 in Ranged Weapons
   629 | D:2      | 629 ||| FLEEEEING.
   750 | D:2      | Reached XP level 4. HP: 25/25 MP: 6/6
   824 | D:2      | Found Ejyes's Weapon Emporium.
   835 | D:2      | 835 ||| SHOPLISTING +1 shortbow of freezing (161 gold, have
                  | 86).
   938 | D:2      | 938 ||| READING scroll labelled XUCU OKHORGHAU.
   941 | D:2      | 941 ||| READING scroll labelled KIHOKI EZILADA.
   942 | D:2      | 942 ||| READING scroll labelled JAULYSMUNK.
  1110 | D:3      | Reached skill level 8 in Ranged Weapons
  1187 | D:3      | Found a faded altar of an unknown god.
  1350 | D:3      | 1350 ||| FLEEEEING.
  1379 | D:3      | Found a blossoming altar of Fedhas.
  1559 | D:3      | 1559 ||| READING scroll of enchant weapon.
  1559 | D:3      | 1559 ||| ENCHANTING +1 shortbow.
  1597 | D:3      | Reached XP level 5. HP: 29/29 MP: 7/7
  1722 | D:3      | 1722 ||| UPGRADING to +0 scale mail.
  1732 | D:3      | 1732 ||| DROPPING +0 leather armour.
  1733 | D:3      | 1733 ||| UPGRADING to +0 cloak.
  1738 | D:3      | 1738 ||| UPGRADING to +0 ring mail.
  1748 | D:3      | 1748 ||| DROPPING +0 scale mail.
  1749 | D:3      | 1749 ||| UPGRADING to ring of protection from fire.
  1750 | D:3      | 1750 ||| DRINKING 2 golden potions.
  1795 | D:3      | 1795 ||| DRINKING 2 emerald potions.
  1796 | D:3      | 1796 ||| DROPPING potion of lignification.
  1836 | D:4      | Found a white marble altar of Elyvilon.
  1846 | D:4      | Reached skill level 9 in Ranged Weapons
  1874 | D:4      | 1874 ||| DRINKING potion of curing.
  1874 | D:4      | 1874 ||| (to cure poison)
  2014 | D:4      | Reached XP level 6. HP: 36/36 MP: 8/8
  2278 | D:4      | 2278 ||| Stepping ~*~*~tactically~*~*~ (outnumbered).
  2290 | D:4      | HP: 4/36 [something (19)]
  2292 | D:4      | Slain by an orc wizard

Levels and vault maps discovered:
D:1:      lemuel_arrival_rhombus, layout_rooms, kennysheep_flooded_box,
          grunt_decor_one_mirror
D:2:      layout_rooms, serial_shops, nicolae_shop_bloodbath_and_beyond,
          basic_altar
D:3:      layout_basic, lemuel_tele_altar, ebering_ecumenical_altar_sacrificial
D:4:      minmay_chambers_of_fours, layout_layer_cave,
          nicolae_overflow_hidden_temple, elyvilon_altar_5,
          amethyst_overflow_temple_binary, uniq_natasha, uniq_pikel

Skill      XL: |  1  2  3  4  5 |
---------------+----------------+-----
Ranged Weapons | 6 7 8 9 |  9.8
Fighting       | 2 |  2.4
Dodging        | |  2.4
Stealth        | |  1.2

Action                     |  1- 3 |  4- 6 || total
---------------------------+-------+-------++-------
   Fire: Shortbow          |    89 |   143 ||   232
    Use: Scroll            |     1 |     4 ||     5
         Potion            |       |     3 ||     3
 Armour: Leather armour    |     7 |     7 ||    14
         Ring mail         |       |    12 ||    12
  Dodge: Dodged            |    28 |    30 ||    58

Table legend:
 A = Non-vault XP
 B = Vault XP
 C = Vault XP percentage of total XP
 D = Non-vault monster count
 E = Vault monster count
 F = Vault count percentage of total count
                 A         B        C        D         E       F
            +---------+---------+-------+---------+---------+-------
      Total |     553 |       0 |   0.0 |      76 |       0 |   0.0
            +---------+---------+-------+---------+---------+-------
        D:1 |      38 |       0 |   0.0 |      23 |       0 |   0.0
        D:2 |      61 |       0 |   0.0 |      13 |       0 |   0.0
        D:3 |     132 |       0 |   0.0 |      26 |       0 |   0.0
        D:4 |     322 |       0 |   0.0 |      14 |       0 |   0.0
            +---------+---------+-------+---------+---------+-------
